 Dungeon Crawl Stone Soup version 0.29.1-2-gbd0b4ee654 (webtiles) character file.

Game seed: 10603281412413821007

989 GeoRichter the Carver (level 7, 0/51 HPs)
             Began as a Demonspawn Gladiator on Nov 7, 2022.
             Was a Follower of Okawaru.
             Slain by an ice beast (14 damage)
             ... on level 5 of the Dungeon.
             The game lasted 00:07:12 (5080 turns).

GeoRichter the Carver (Demonspawn Gladiator)        Turns: 5080, Time: 00:07:12

Health: 0/51       AC: 11    Str: 14    XL:     7   Next: 98%
Magic:  8/8        EV:  9    Int:  9    God:    Okawaru [*.....]
Gold:   98         SH:  7    Dex: 17    Spells: 6/6 levels left

rFire   . . .      SeeInvis .   a - +0 long sword
rCold   . . .      Faith    .   l - +0 kite shield
rNeg    . . .      Spirit   .   t - +0 ring mail
rPois   .          Reflect  .   c - +0 helmet
rElec   .          Harm     .   (no cloak)
rCorr   .          Rampage  .   b - +2 pair of gloves
Will    .....                   (no boots)
Stlth   +.........              (no amulet)
HPRegen 0.17/turn               (no ring)
MPRegen 0.11/turn               (no ring)

@: no status effects
A: slimy green scales 1, ignite blood 1, powered by pain 1, weakness stinger 1
a: Renounce Religion, Heroism


You were on level 5 of the Dungeon.
You worshipped Okawaru.
Okawaru was aware of your devotion.
You visited 2 branches of the dungeon, and saw 6 of its levels.

You collected 274 gold pieces.
You spent 176 gold pieces at shops.

Inventory:

Hand Weapons
 a - a +0 long sword (weapon)
 y - the +5 dagger of the Assorted Gods {vorpal, *Rage rF+++ rCorr Dex+9}
   (You found it on level 4 of the Dungeon)

   It inflicts extra damage upon your enemies.
   Dex:       It affects your dexterity (+9).
   rF:        It renders you almost immune to fire.
   *Rage:     It berserks you when you make melee attacks (+20% chance).
   rCorr:     It protects you from acid and corrosion.
Missiles
 d - 3 throwing nets {!f}
 e - a javelin
 g - 11 poisoned darts (quivered)
Armour
 b - a +2 pair of gloves (worn)
   (You found it on level 3 of the Dungeon)
 c - a +0 helmet (worn)
 l - a +0 kite shield (worn)
   (You found it on level 1 of the Dungeon)
 t - a +0 ring mail (worn)
   (You found it on level 2 of the Dungeon)
Jewellery
 j - a ring of wizardry
   (You found it on level 1 of the Dungeon)
 A - a ring of poison resistance
   (You took it off a kobold on level 4 of the Dungeon)
Wands
 q - a wand of polymorph (11)
   (You took it off Grinder on level 3 of the Dungeon)
 D - a wand of iceblast (11)
   (You found it on level 5 of the Dungeon)
 E - a wand of flame (14)
   (You found it on level 5 of the Dungeon)
Scrolls
 h - a scroll of fog {unknown}
 m - 15 scrolls of identify {unknown}
 n - 2 scrolls of enchant weapon {unknown}
 p - 3 scrolls of teleportation {unknown}
 r - a scroll of brand weapon {unknown}
 u - a scroll of noise {unknown}
 x - a scroll of acquirement {unknown}
 z - 2 scrolls of amnesia {unknown}
 B - a scroll of enchant armour {unknown}
 C - a scroll of blinking {unknown}
Potions
 f - a potion of lignification {unknown}
 i - 4 potions of curing {@q1}
 k - 2 potions of attraction {unknown}
 o - 2 potions of haste {unknown}
 s - 3 potions of heal wounds {@q2}
 v - a potion of might
 w - a potion of brilliance {unknown}


   Skills:
 + Level 2.6 Fighting
 * Level 8.6 Long Blades
 - Level 1.7 Throwing
 - Level 2.6 Dodging
 + Level 1.5 Invocations


You had 6 spell levels left.
You didn't know any spells.
Your spell library contained the following spells:

 Spells                   Type           Power      Damage    Failure   Level
 Beastly Appendage        Tmut           0%         N/A       97%         1
 Magic Dart               Conj           0%         1d3       97%         1
 Searing Ray              Conj           0%         2d4       99%         2
 Wereblood                Tmut           0%         N/A       99%         2
 Spider Form              Tmut/Pois      0%         N/A       100%        3
 Fulminant Prism          Conj/Hex       0%         3d6       100%        4
 Summon Small Mammal      Summ           Unusable   N/A       N/A         1
 Call Canine Familiar     Summ           Unusable   N/A       N/A         3
 Summon Guardian Golem    Hex/Summ       Unusable   N/A       N/A         3

Dungeon Overview and Level Annotations

Branches:
Dungeon (5/15) Zot: 24881  Temple (1/1) D:4 Zot: 5954

Altars:
Ashenzari
Dithmenos
Fedhas
Gozag
Makhleb
Nemelex Xobeh
Okawaru
Ru
Trog
Vehumet
Xom
Yredelemnul

Shops:
D:1 !


Innate Abilities, Weirdness & Mutations

You are partially covered in slimy green scales. (AC +2)
Your demonic aura sometimes causes spilled blood to erupt in flames.
You sometimes gain a little power by taking damage.
You have a small tail.


Message History

You are poisoned.
The water moccasin poisons you!
You slash the water moccasin!
You feel very sick.
The water moccasin is engulfed in blazing flames.
You kill the water moccasin!
Okawaru accepts your kill.
Your Invocations skill increases to level 1!
You feel sick.
You feel very sick.
You feel sick.
You feel sick.
You feel sick.
You feel sick.
You feel sick.
You feel sick.
You feel sick.
You are no longer poisoned.
Found 38 gold pieces.
You open the door.
There is an open door here.
Found an opulent altar of Gozag.
Found an opulent altar of Gozag.
Found an encrusted gold wand.
E - a wand of flame (14)
An ice beast comes into view.
Okay, then.
An ice beast is nearby!
You hit the ice beast. The ice beast closely misses you.
You hit the ice beast but do no damage. The ice beast hits you.
The ice beast freezes you!
You closely miss the ice beast. The ice beast hits you.
The ice beast freezes you!
You hit the ice beast but do no damage. You block the ice beast's attack.
You slash the ice beast! You tail-slap the ice beast.
You block the ice beast's attack.
You hit the ice beast.
Your tail-slap misses the ice beast.
The ice beast hits you but does no damage.
You block the ice beast's attack.
You slash the ice beast!
Your tail-slap misses the ice beast.
You block the ice beast's attack.
You hit the ice beast but do no damage. The ice beast hits you.
The ice beast freezes you!
* * * LOW HITPOINT WARNING * * *
You are too injured to fight recklessly!
You are too injured to fight recklessly!
You hit the ice beast but do no damage. The ice beast hits you.
* * * LOW HITPOINT WARNING * * *
The ice beast freezes you!
You die...

####
####+##...##
#..........#
#..........+
#..........#
#..........#
#....@Y....#
#..#+####.##
###.....#
#.....# #.....#
#.....#
#########.....#
#.........#####
#.........#


You could see an ice beast.

Vanquished Creatures
  Grinder (D:3)
  A water moccasin (D:5)
  An ogre (D:4)
  A centaur (D:4)
  A phantom (D:4)
  A necrophage (D:4)
  2 scorpions (D:5)
  2 hounds
  3 orc wizards
  2 adders (D:2)
  An ufetubus (D:4)
  A worm (D:3)
  6 dart slugs
  17 orcs
  4 ball pythons
  5 endoplasms
  6 giant cockroaches
  3 goblins
  7 hobgoblins
  5 bats
  5 frilled lizards
  8 kobolds
  4 rats
87 creatures vanquished.

Notes
Turn   | Place    | Note
-------+----------+-------------------------------------------
     0 | D:1      | GeoRichter the Demonspawn Gladiator began the quest for the
                  | Orb.
     0 | D:1      | Reached XP level 1. HP: 16/16 MP: 1/1
   178 | D:1      | Reached skill level 3 in Long Blades
   385 | D:1      | Gained mutation: Your demonic aura sometimes causes spilled
                  | blood to erupt in flames. [demonic ancestry]
   385 | D:1      | Reached XP level 2. HP: 18/22 MP: 2/2
   763 | D:1      | Found a faded altar of an unknown god.
  1075 | D:1      | Found Wylesush's Distillery.
  1084 | D:1      | Bought a potion of might for 44 gold pieces
  1250 | D:2      | Reached XP level 3. HP: 23/27 MP: 3/3
  1411 | D:2      | Reached skill level 4 in Long Blades
  1948 | D:1      | Bought a potion of heal wounds for 55 gold pieces
  2653 | D:3      | Noticed Grinder
  2663 | D:3      | Killed Grinder
  2664 | D:3      | Reached skill level 6 in Long Blades
  2664 | D:3      | Gained mutation: You are partially covered in slimy green
                  | scales. (AC +2) [demonic ancestry]
  2664 | D:3      | Reached XP level 4. HP: 25/33 MP: 4/4
  2664 | D:3      | Reached XP level 5. HP: 29/38 MP: 5/5
  2664 | D:3      | Gained mutation: You have a small tail. [demonic ancestry]
  2664 | D:3      | Reached XP level 6. HP: 33/44 MP: 6/6
  2874 | D:3      | Found a broken altar of Ashenzari.
  3615 | D:1      | Bought a potion of curing for 33 gold pieces
  3615 | D:1      | Bought a potion of might for 44 gold pieces
  3785 | D:4      | Reached skill level 7 in Long Blades
  3834 | D:4      | Identified the +5 dagger of the Assorted Gods {vorpal,
                  | *Rage rF+++ rCorr Dex+9}
  3865 | D:4      | Found a staircase to the Ecumenical Temple.
  3879 | Temple   | Entered the Ecumenical Temple
  3916 | Temple   | Became a worshipper of Warmaster Okawaru
  4038 | D:4      | Gained mutation: You sometimes gain a little power by
                  | taking damage. [demonic ancestry]
  4038 | D:4      | Reached XP level 7. HP: 39/50 MP: 7/7
  4251 | D:4      | Reached * piety under Okawaru
  4252 | D:4      | Reached skill level 8 in Long Blades
  4261 | D:4      | Found a sacrificial altar of Ru.
  4262 | D:4      | Found a shadowy altar of Dithmenos.
  4531 | D:5      | Entered Level 5 of the Dungeon
  4902 | D:5      | Found an opulent altar of Gozag.
  4903 | D:5      | Found an opulent altar of Gozag.
  4908 | D:5      | Reached skill level 1 in Invocations
  5046 | D:5      | Found an opulent altar of Gozag.
  5051 | D:5      | Found an opulent altar of Gozag.
  5080 | D:5      | Slain by an ice beast

Illustrated notes

Levels and vault maps discovered:
D:1:      heliophobic_arrival_ceremonial_halls, layout_basic, serial_shops,
          shop_fountains, hellmonk_ecumenical_altar_defaced_shrine,
          due_unseen_surprise
D:2:      layout_basic, kennysheep_generic_room_5
D:3:      layout_loops_corners, overflow_temple_1_default, serial_forest,
          infiniplex_forest_straight_4, infiniplex_forest_straight_1,
          infiniplex_forest_straight_4, infiniplex_forest_lined_room_2,
          infiniplex_forest_clump_small, infiniplex_forest_end_1,
          infiniplex_forest_straight_4, infiniplex_forest_clump_double,
          minmay_liquid_box, minmay_quantized, uniq_grinder
D:4:      layout_basic, grunt_temple_overflow_open,
          minmay_temple_entry_drinking_statues, st_stairs_2,
          minmay_fractal_squares_diagonal_5
D:5:      layout_gridville, nicolae_overflow_crystal_walls,
          nicolae_gozag_conspicuous_consumption, minmay_misc_feat_tower
Temple:   eino_temple_lava

Skill      XL: |  1  2  3  4  5  6  7 |
---------------+----------------------+-----
Long Blades    | 3 6 7 8 |  8.6
Invocations    | 1 |  1.5
Fighting       | |  2.6
Throwing       | |  1.7
Dodging        | |  2.6

Action                   |  1- 3 |  4- 6 |  7- 9 || total
-------------------------+-------+-------+-------++-------
Melee: Long sword        |   116 |    83 |    82 ||   281
       Tailslap          |       |    18 |    17 ||    35
Throw: Dart              |       |       |     4 ||     4
  Use: Potion            |     1 |       |       ||     1
Armor: Leather armour    |    33 |       |       ||    33
       Ring mail         |     7 |    45 |    36 ||    88
Dodge: Dodged            |    66 |    37 |    42 ||   145
Block: Kite shield       |    20 |    47 |    37 ||   104
